 Dungeon Crawl Stone Soup version 0.27-a0-998-g4cfe56dd59 (webtiles) character file.

Game seed: 17168179732988787852

461 pokeman the Magician (level 6, -6/34 HPs)
             Began as a Deep Elf Hedge Wizard on Apr 16, 2021.
             Was an Initiate of Vehumet.
             Mangled by an orc warrior
             ... wielding a +0 broad axe
              (13 damage)
             ... on level 4 of the Dungeon.
             The game lasted 00:12:04 (5966 turns).

pokeman the Magician (Deep Elf Hedge Wizard)        Turns: 5966, Time: 00:12:04

Health: -6/34      AC:  5    Str:  7    XL:     6   Next: 79%
Magic:  1/18       EV: 12    Int: 21    God:    Vehumet [......]
Gold:   90         SH:  0    Dex: 16    Spells: 8/19 levels left

rFire    . . .     SeeInvis .   a - +2 trident (venom)
rCold    . . .     Faith    .   (no shield)
rNeg     . . .     Spirit   .   s - +0 leather armour
rPois    .         Reflect  .   c - +0 hat
rElec    .         Harm     .   (no cloak)
rCorr    .         Rampage  .   f - +0 pair of gloves
Will     .....                  (no boots)
Stlth    ++........             (no amulet)
HPRegen  0.11/turn              (no ring)
MPRegen  0.16/turn              (no ring)

@: no status effects
A: agile 1, shaggy fur 1
a: Renounce Religion


You were on level 4 of the Dungeon.
You worshipped Vehumet.
Vehumet was noncommittal.
You visited 1 branch of the dungeon, and saw 4 of its levels.

You collected 90 gold pieces.

Inventory:

Hand Weapons
 a - a +2 trident of venom (weapon)
Missiles
 d - 46 arrows
 k - 49 bolts
Armour
 c - a +0 hat (worn)
 f - a +0 pair of gloves (worn)
 s - a +0 leather armour (worn)
Wands
 q - a wand of polymorph (9)
Scrolls
 g - 3 scrolls of teleportation {unknown}
 h - 2 scrolls of identify {unknown}
 i - a scroll of enchant weapon {unknown}
 l - a scroll of magic mapping {unknown}
 n - 2 scrolls of vulnerability {unknown}
 r - a scroll of noise {unknown}
Potions
 e - 2 potions of mutation
 j - a potion of cancellation {unknown}
 m - a potion of might {unknown}
 o - 2 potions of attraction {unknown}
 p - a potion of heal wounds {unknown}


   Skills:
 + Level 1.0 Fighting
 - Level 2.0 Armour
 - Level 3.0 Dodging
 - Level 3.0 Stealth
 * Level 7.3 Spellcasting
 + Level 3.5 Conjurations
 - Level 1.1 Summonings
 - Level 1.1 Translocations
 - Level 1.1 Fire Magic
 + Level 0.2 Air Magic
 - Level 1.0 Poison Magic
 - Level 1.0 Evocations


You had 8 spell levels left.
You knew the following spells:

 Your Spells              Type           Power      Damage    Failure   Level
a - Magic Dart            Conj           88%        1d7       3%          1
b - Mephitic Cloud        Conj/Pois/Air  14%        N/A       19%         3
c - Call Imp              Summ           12%        N/A       12%         2
d - Blink                 Tloc           N/A        N/A       12%         2
e - Conjure Flame         Conj/Fire      17%        6-21      14%         3

Your spell library contained the following spells:

 Spells                   Type           Power      Damage    Failure   Level
 Searing Ray              Conj           44%        3d4       4%          2
 Summon Small Mammal      Summ           48%        N/A       8%          1
 Animate Skeleton         Necr           14%        N/A       12%         1
 Slow                     Hex            7%         N/A       19%         2
 Dazzling Flash           Conj/Hex       30%        N/A       19%         3
 Call Canine Familiar     Summ           12%        N/A       24%         3
 Summon Guardian Golem    Hex/Summ       10%        N/A       30%         3
 Iskenderun's Mystic Bla  Conj/Tloc      17%        2d5       43%         4
 Fulminant Prism          Conj/Hex       7%         3d7       52%         4
 Summon Lightning Spire   Summ/Air       10%        N/A       67%         4
 Summon Ice Beast         Ice/Summ       10%        N/A       69%         4


Dungeon Overview and Level Annotations

Branches:
Dungeon (4/15)
 Temple: D:4-7

Altars:
Kikubaaqudgha
Sif Muna
Uskayaw
Vehumet

Shops:
D:2 [


Innate Abilities, Weirdness & Mutations

You are agile. (Dex +2)
You are covered in fur. (AC +1)


Message History

You hit the orc warrior but do no damage.
The orc warrior is poisoned.
Casting: Magic Dart (safe; 3% risk of failure)
Confirm with . or Enter, or press ? or * to list all spells.
You miscast Call Imp.
You are very lightly contaminated with residual magic.
Nothing appears to happen.
The orc warrior seems less confused.
Your magical contamination has completely faded away.
The orc warrior looks more healthy.
There is a stone staircase leading up here.
Casting: Call Imp (safe; 12% risk of failure)
Confirm with . or Enter, or press ? or * to list all spells.
The spell is quite dangerous to cast (19% risk of failure)!
Continue anyway?
Aiming: Mephitic Cloud (quite dangerous; 19% risk of failure)
Press: ? - help, Shift-Dir - straight line, f/p - orc warrior
Aim: an orc warrior, wielding a +0 broad axe and wearing a +0 plate armour (severely wounded, chance to affect: 81%)
The ball explodes into a vile cloud!
The stinking cloud engulfs the orc warrior but does no damage.
The orc warrior is severely wounded.
The orc warrior is engulfed in noxious fumes.
The orc warrior appears confused.
Unknown command.
Reach: a) +2 trident (venom)
Press: ? - help, Dir - move target, f/p - orc warrior
Aim: an orc warrior, wielding a +0 broad axe and wearing a +0 plate armour (noxious fumes, severely wounded, confused, about 21% to evade your +2 trident of venom)
You hit the orc warrior but do no damage.
The orc warrior is severely wounded.
The orc warrior is engulfed in noxious fumes.
The orc warrior appears confused.
The orc warrior hits you with a +0 broad axe!
* * * LOW HITPOINT WARNING * * *
Unknown command.
Reach: a) +2 trident (venom)
Press: ? - help, Dir - move target, f/p - orc warrior
Aim: an orc warrior, wielding a +0 broad axe and wearing a +0 plate armour (severely wounded, confused, about 21% to evade your +2 trident of venom)
Your leather armour prevents you from hitting the orc warrior.
The orc warrior is severely wounded.
The orc warrior hits you with a +0 broad axe!
You die...

.## ..## ..# #.#
#..# .# #.# #.#
...##.##. ##.## #.#
......... ...# #.#
.......# #..# #.#
....... #..###.##
....#
#######..#....######
....###
#..@o.°.............
......#
########.#....#####.
....#)# ###....#..##
#. #####.#
#...#....#>####.
#####.#
#.#....##.[.....
......#
#.##.#..........
......# ##
#..#.##.###..
......# +.. #.#.##
.# ##. ####..#
..#.###.## ##


You could see an orc warrior (confused).

Vanquished Creatures
  An ogre (D:4)
  An orc priest (D:3)
  2 iguanas (D:4)
  4 orc wizards
  7 gnolls
  6 adders
  2 dart slugs (D:1)
  11 orcs
  6 endoplasms
  6 giant cockroaches
  8 goblins
  7 hobgoblins
  2 jackals (D:1)
  A quokka (D:1)
  6 ball pythons
  4 bats
  3 frilled lizards
  8 kobolds
  A quokka skeleton (D:4)
  4 rats
90 creatures vanquished.

Vanquished Creatures (collateral kills)
  2 orcs (D:3)
2 creatures vanquished.

Grand Total: 92 creatures vanquished

Notes
Turn   | Place    | Note
-------+----------+-------------------------------------------
     0 | D:1      | pokeman the Deep Elf Hedge Wizard began the quest for the
                  | Orb.
     0 | D:1      | Reached XP level 1. HP: 10/10 MP: 7/7
   468 | D:1      | Reached XP level 2. HP: 16/16 MP: 6/9
   574 | D:1      | Found a faded altar of an unknown god.
  1585 | D:1      | Reached skill level 5 in Spellcasting
  1737 | D:2      | Reached XP level 3. HP: 20/20 MP: 2/11
  1741 | D:2      | Learned a level 3 spell: Conjure Flame
  1745 | D:2      | Learned a level 3 spell: Mephitic Cloud
  1751 | D:2      | Learned a level 2 spell: Call Imp
  1754 | D:2      | Learned a level 2 spell: Blink
  2485 | D:2      | Reached skill level 1 in Fighting
  2724 | D:2      | Found Reuloxou's Armour Emporium.
  3112 | D:3      | Reached skill level 1 in Armour
  3129 | D:3      | HP: 1/20 [gnoll/+0 halberd (9)]
  3452 | D:3      | Reached XP level 4. HP: 25/25 MP: 10/13
  4043 | D:3      | Gained mutation: You are covered in fur. (AC +1) [potion of
                  | mutation]
  4043 | D:3      | Gained mutation: You are agile. (Dex +2) [potion of
                  | mutation]
  4514 | D:3      | Noticed a +0 dagger
  4515 | D:3      | Found a hide-covered altar of Uskayaw.
  4515 | D:3      | Noticed a +0 hand axe
  4553 | D:3      | Reached skill level 6 in Spellcasting
  4553 | D:3      | Reached XP level 5. HP: 29/29 MP: 10/15
  5137 | D:3      | Found a radiant altar of Vehumet.
  5140 | D:3      | Became a worshipper of Vehumet
  5143 | D:3      | Found an ancient bone altar of Kikubaaqudgha.
  5144 | D:3      | Found a shimmering blue altar of Sif Muna.
  5149 | D:3      | Identified Kikubaaqudgha's Compendium of Dark Rites
  5363 | D:4      | Reached XP level 6. HP: 29/34 MP: 5/17
  5605 | D:4      | Reached skill level 1 in Evocations
  5618 | D:4      | Reached skill level 7 in Spellcasting
  5906 | D:4      | Noticed an orc warrior
  5907 | D:4      | Reached skill level 1 in Fire Magic
  5907 | D:4      | Reached skill level 1 in Poison Magic
  5966 | D:4      | Mangled by an orc warrior

Illustrated notes

Levels and vault maps discovered:
D:1:      scummos_arrival_simple_crosswalls, layout_basic,
          shapermc_ecumenical_altar_totnotflames
D:2:      layout_loops_corners, serial_glass, glass_columns_b, glass_columns_b,
          serial_shops, shop_fountains
D:3:      layout_basic, grunt_temple_overflow_magic_moments,
          dancing_weapons_uskayaw
D:4:      layout_loops_ring, chequers_temple_overflow_minitemple,
          kennysheep_generic_room_6

Skill      XL: |  1  2  3  4  5  6 |
---------------+-------------------+-----
Spellcasting   | 5 6 7 |  7.3
Fighting       | 1 |  1.0
Armour         | 1 2 |  2.0
Conjurations   | 2 3 |  3.5
Dodging        | 3 |  3.0
Stealth        | 3 |  3.0
Evocations     | 1 |  1.0
Fire Magic     | 1 |  1.1
Poison Magic   | 1 |  1.0
Summonings     | |  1.1
Translocations | |  1.1
Air Magic      | |  0.2

Action                   |  1- 3 |  4- 6 || total
-------------------------+-------+-------++-------
Melee: Dagger            |     8 |       ||     8
       Whip              |    20 |    18 ||    38
       Trident           |       |    45 ||    45
 Cast: Magic Dart        |   102 |    93 ||   195
       Call Imp          |     3 |     2 ||     5
       Mephitic Cloud    |     2 |    17 ||    19
       Conjure Flame     |       |     1 ||     1
  Use: Potion            |       |     2 ||     2
 Stab: Sleeping          |     1 |       ||     1
       Confused          |       |     9 ||     9
Armor: Robe              |     7 |     3 ||    10
       Skin              |       |     7 ||     7
       Leather armour    |       |     1 ||     1
Dodge: Dodged            |    25 |    25 ||    50

Table legend: (Time is in decaauts)
 A = Elapsed time spent in this place.
 B = Non-inter-level travel time spent in this place.
 C = Inter-level travel time spent in this place.
 D = Time resting spent in this place.
 E = Time spent auto-exploring this place.
 F = Levels seen in this place.
 G = Mean time per level.
                   A        B        C        D        E       F      G
               +--------+--------+--------+--------+--------+-----+--------+
         Total |   5982 |   5835 |    147 |    412 |   4735 |   4 | 1495.5 |
       Dungeon |   5982 |   5835 |    147 |    412 |   4735 |   4 | 1495.5 |
               +--------+--------+--------+--------+--------+-----+--------+

Top non-repeatable levels by time:
     D:3: 1932 daAuts
     D:1: 1706 daAuts
     D:2: 1537 daAuts
     D:4: 806 daAuts
